 Dungeon Crawl Stone Soup version 0.22-a0-362-g535178c (webtiles) character file.

12 Amnesiac the Magician (level 2, -4/20 HPs)
             Began as a Mummy Wizard on Apr 21, 2018.
             Killed by divine providence
             ... invoked by an orc priest
              (14 damage)
             ... on level 3 of the Dungeon.
             The game lasted 00:01:27 (465 turns).

Amnesiac the Magician (Mummy Wizard)                 Turns: 465, Time: 00:01:28

Health: -4/20      AC:  2    Str: 10    XL:     2   Next: 20%
Magic:  3/7        EV: 12    Int: 17    God:
Gold:   0          SH:  0    Dex: 10    Spells: 6/9 levels left

rFire    x . .     SeeInvis .   f - +0 hunting sling
rCold    + . .     Gourm    .   (no shield)
rNeg     + + +     Faith    .   a - +0 robe
rPois    ∞         Spirit   .   b - +0 hat
rElec    .         Reflect  .   (no cloak)
rCorr    .         Harm     .   (no gloves)
MR       .....                  (no boots)
Stlth    ++........             (no amulet)
HPRegen  0.06/turn              (no ring)
MPRegen  0.10/turn              (no ring)

@: very slightly contaminated
A: no food or potions, fire vulnerability, cold resistance 1, negative energy
resistance 3, torment resistance, unbreathing
a: no special abilities


You were on level 3 of the Dungeon.
You were not hungry.

You visited 1 branch of the dungeon, and saw 3 of its levels.

Inventory:

Hand Weapons
 f - a +0 hunting sling (weapon)
Missiles
 c - 14 stones (quivered)
Armour
 a - a +0 robe (worn)
 b - a +0 hat (worn)
Scrolls
 d - 2 scrolls of teleportation {!r}
 e - a scroll of immolation {!r, unknown}


   Skills:
 + Level 0.9 Fighting
 * Level 2.1 Dodging
 - Level 1.5 Stealth
 - Level 4.0 Spellcasting
 - Level 0.7 Conjurations
 - Level 0.7 Summonings
   Level 0.7 Translocations


You had 6 spell levels left.
You knew the following spells:

 Your Spells              Type           Power        Failure   Level  Hunger
a - Magic Dart            Conj           #...         12%         1    N/A
b - Call Imp              Summ           #.......     19%         2    N/A

Dungeon Overview and Level Annotations

Branches:
Dungeon (3/15)

Altars:


Innate Abilities, Weirdness & Mutations

You do not eat or drink.
Your flesh is vulnerable to fire.
You are immune to poison.
Your flesh is cold resistant. (rC+)
You are immune to negative energy. (rN+++)
You are immune to unholy pain and torment.
You can survive without breathing.


Message History

Press: ? - help, Shift-Dir - straight line, f - leopard gecko
Aim: a leopard gecko (clinging)
You shoot a stone.
The stone hits the leopard gecko but does no damage.
Firing (i - inventory)
c - 16 stones (quivered)
Press: ? - help, Shift-Dir - straight line, f/p - leopard gecko
Aim: a leopard gecko (clinging)
You shoot a stone. The stone hits the leopard gecko.
You kill the leopard gecko!
No target in view!
No target in view!
c - 16 stones (gained 1)
c - 17 stones (gained 1)
Found a fuming cyan potion.
Really read
d - 3 scrolls labeled YMITOPTOLE {!r}?
As you read the scroll labeled YMITOPTOLE {!r}, it crumbles to dust.
You feel strangely unstable.
It was a scroll of teleportation {!r}.
You start resting.
Your surroundings suddenly seem different.
An orc comes into view. It is wielding a trident.
Firing (i - inventory)
c - 17 stones (quivered)
Press: ? - help, Shift-Dir - straight line, f - orc
Aim: an orc, wielding a trident (resting)
You shoot a stone. The stone hits the orc.
The orc shouts!
The orc is moderately wounded.
You hear a shout! x3
An orc comes into view.
Unknown command.
Firing (i - inventory)
c - 16 stones (quivered)
Press: ? - help, Shift-Dir - straight line, f/p - orc
Aim: an orc, wielding a trident (moderately wounded)
You shoot a stone. The stone barely misses the orc.
A goblin comes into view.
A hobgoblin comes into view. It is wielding a club.
Found a scroll of teleportation and 17 poisoned needles.
The hobgoblin barely misses you.
An orc priest comes into view. It is wielding a short sword.
The orc priest shouts!
Firing (i - inventory)
c - 15 stones (quivered)
Press: ? - help, Shift-Dir - straight line, f/p - orc
Aim: an orc, wielding a trident (moderately wounded)
You shoot a stone. The stone hits the hobgoblin.
The hobgoblin is heavily wounded.
The hobgoblin hits you but does no damage.
The orc priest calls upon Beogh to heal the orc.
The orc's wounds heal themselves!
Casting: Call Imp (safe; 19% risk of failure)
Confirm with . or Enter, or press ? or * to list all spells.
You miscast Call Imp.
You are very lightly contaminated with residual magic.
Nothing appears to happen.
The orc priest invokes the aid of Beogh against you.
Beogh smites you!
Ouch! That really hurt!
* * * LOW HITPOINT WARNING * * *
The hobgoblin misses you.
Casting: Call Imp (safe; 19% risk of failure)
Confirm with . or Enter, or press ? or * to list all spells.
A shadowy apparition takes form in the air.
The orc priest calls down the wrath of Beogh upon you.
Beogh smites you!
Ouch! That really hurt!
You die... #... og.

#..# #.##... #.(#
#o#...
.#####.?###.#.#
........##o...#
..............#
######.##.5.##.##
#.###o......
#.og@.......
############


You could see an orc priest, 2 orcs, a hobgoblin and a friendly shadow imp.

Vanquished Creatures
  A dart slug (D:1)
  2 leopard geckos
  A bat (D:1)
  A ball python (D:1)
  A frilled lizard (D:1)
  A goblin (D:1)
  A rat (D:2)
8 creatures vanquished.

Vanquished Creatures (collateral kills)
  A goblin (D:2)
  A kobold (D:2)
2 creatures vanquished.

Grand Total: 10 creatures vanquished

Notes
Turn   | Place    | Note
-------+----------+-------------------------------------------
     0 | D:1      | Amnesiac the Mummy Wizard began the quest for the Orb.
     0 | D:1      | Reached XP level 1. HP: 13/13 MP: 5/5
   173 | D:2      | Reached XP level 2. HP: 9/20 MP: 1/7
   193 | D:1      | Learned a level 2 spell: Call Imp
   465 | D:3      | Killed from afar by an orc priest

Vault maps used:
D:1:      mrwooster_arrival_statue, serial_bayou_pond_d, minmay_hexomino_r4
D:2:      eat_drink_and_be_merry_uskayaw, serial_forest,
          infiniplex_forest_straight_2, infiniplex_forest_clump_large,
          infiniplex_forest_straight_3, infiniplex_forest_straight_2,
          infiniplex_forest_clump_long, infiniplex_forest_end_2,
          hangedman_feature_mirror
D:3:      lemuel_crystal_altar, first_ration, minmay_misc_feat_encased

Skill      XL: |  1 |
---------------+----+-----
Dodging        | 2 |  2.1
Fighting       | |  0.9
Stealth        | |  1.5
Spellcasting   | |  4.0
Conjurations   | |  0.7
Summonings     | |  0.7
Translocations | |  0.7

Action                   || total
-------------------------++-------
Melee: Unarmed           ||     1
 Fire: Hunting sling     ||     6
 Cast: Magic Dart        ||    16
       Call Imp          ||     3
  Use: Scroll            ||     1
Armor: Robe              ||     4
Dodge: Dodged            ||    12

Table legend:
 A = Spawn XP
 B = Non-spawn XP
 C = Spawn XP percentage of total XP
 D = Spawn monster count
 E = Non-spawn monster count
 F = Spawn count percentage of total count
 G = Total turns spent on level
                    A         B        C        D         E        F      G
               +---------+---------+-------+---------+---------+-------+---------
         Total |       0 |      18 |   0.0 |       0 |      10 |   0.0 |   465
               +---------+---------+-------+---------+---------+-------+---------
           D:1 |       0 |       9 |   0.0 |       0 |       5 |   0.0 |   314
           D:2 |       0 |       6 |   0.0 |       0 |       4 |   0.0 |   115
           D:3 |       0 |       3 |   0.0 |       0 |       1 |   0.0 |    36
               +---------+---------+-------+---------+---------+-------+---------
